 Dungeon Crawl Stone Soup version 0.19.0-9-gfd783f2 (webtiles) character file.

34 Braschwitzo the Skirmisher (level 3, -12/31 HPs)
             Began as a Hill Orc Wizard on Nov 7, 2016.
             Blown up by Ijyb (13 damage)
             ... with a wand of disintegration
             ... on level 1 of the Dungeon.
             The game lasted 00:03:49 (1737 turns).

Braschwitzo the Skirmisher (Hill Orc Wizard)        Turns: 1737, Time: 00:03:50

Health: -12/31     AC:  3    Str: 10    XL:     3   Next: 31%
Magic:  2/6        EV: 12    Int: 18    God:
Gold:   98         SH:  0    Dex:  9    Spells: 3 memorised, 1 level left

rFire  . . .     SeeInvis .     e - +0 club
rCold  . . .     Gourm    .     a - +0 robe
rNeg   . . .     Faith    .     (no shield)
rPois  .         Spirit   .     b - +0 hat
rElec  .         Reflect  .     n - +0 cloak
rCorr  .         Harm     .     (no gloves)
MR     .....                    (no boots)
Stlth  ++........               (no amulet)
                                (no ring)
                                (no ring)

@: no status effects
A: no striking features
a: no special abilities


You were on level 1 of the Dungeon.
You were hungry.

You visited 1 branch of the dungeon, and saw 2 of its levels.

You collected 98 gold pieces.

Inventory:

Hand Weapons
 e - a +0 club (weapon)
Armour
 a - a +0 robe (worn)
 b - a +0 hat (worn)
 m - a +0 ring mail
 n - a +0 cloak (worn)
Jewellery
 k - an uncursed ring of fire
Scrolls
 g - a scroll of magic mapping {unknown}
 i - a scroll of remove curse {unknown}
 p - a scroll of identify {unknown}
 q - a scroll of random uselessness {unknown}
Potions
 h - a potion of degeneration {unknown}
 l - a potion of brilliance {unknown}
Books
 c - a book of Minor Magic

   Spells                             Type                      Level
   a - Magic Dart                     Conjuration                  1
   b - Blink                          Translocation                2
   c - Call Imp                       Summoning                    2
   d - Repel Missiles                 Charms/Air                   2
   e - Slow                           Hexes                        2
   f - Conjure Flame                  Conjuration/Fire             3
   g - Mephitic Cloud                 Conjuration/Poison/Air       3
Comestibles
 d - 2 bread rations
 f - a royal jelly
 j - 2 meat rations
 o - 4 fruits


   Skills:
 * Level 3.4 Fighting
 - Level 1.5 Dodging
 - Level 1.5 Stealth
 - Level 2.4 Spellcasting
 - Level 1.0 Conjurations
 - Level 1.0 Summonings
 - Level 0.7 Translocations


You had one spell level left.
You knew the following spells:

 Your Spells              Type           Power        Failure   Level  Hunger
a - Magic Dart            Conj           #...         12%         1    #......
b - Call Imp              Summ           #.......     17%         2    ##.....
c - Blink                 Tloc           N/A          21%         2    ##.....


Dungeon Overview and Level Annotations

Branches:
Dungeon (2/15)

Altars:

Annotations:
D:1 Ijyb
D:2 1 runed door


Message History

Ijyb zaps a wand.
You are blasted!
You climb upwards.
There is a stone staircase leading down here.
Casting: Magic Dart
Confirm with . or Enter, or press ? or * to list all spells.
Aiming: Magic Dart
Press: ? - help, Shift-Dir - straight line, f - Ijyb
Aim: Ijyb, wielding a club and carrying a wand of disintegration {zapped: 2} The magic dart hits Ijyb.
Ijyb zaps a wand.
You are blasted!
There is an open door here.
Casting: Magic Dart
Confirm with . or Enter, or press ? or * to list all spells.
You blink.
Ijyb zaps a wand.
You are blasted!
Ouch! That really hurt!
* * * LOW HITPOINT WARNING * * *
Casting: Blink
Confirm with . or Enter, or press ? or * to list all spells.
You blink.
Ijyb zaps a wand.
You are blasted!
You die...

#.............# #########
#.............# ........#
#......)).....# ........#
#.............# ........#
#.............# ........#
#.............# ##########
#..g..........# .........#
####.............# .........#
#...@............# .........#
#....##..#######.#
.........####.ยง..##...####
#)#
...).............###.....###.#
..............#### #..#......#
..............# ##........#
.............[# ##.......##
.........###### #..)......#
.........# #.#.......#


You could see Ijyb.

Vanquished Creatures
  A dart slug (D:1)
  2 leopard geckos (D:1)
  A giant cockroach (D:1)
  5 hobgoblins (D:1)
  A quokka (D:2)
  A bat (D:1)
  7 goblins (D:1)
  4 kobolds (D:1)
  5 rats (D:1)
27 creatures vanquished.

Notes
Turn   | Place    | Note
-------+----------+-------------------------------------------
     0 | D:1      | Braschwitzo the Hill Orc Wizard began the quest for the Orb.
     0 | D:1      | Reached XP level 1. HP: 14/14 MP: 3/3
    25 | D:1      | Reached skill level 1 in Fighting
   244 | D:1      | Reached XP level 2. HP: 24/24 MP: 1/5
   391 | D:1      | Learned a level 2 spell: Call Imp
   397 | D:1      | Reached skill level 2 in Fighting
   855 | D:1      | Reached skill level 3 in Fighting
   855 | D:1      | Reached XP level 3. HP: 31/31 MP: 2/6
  1489 | D:2      | Found a runed door.
  1510 | D:2      | Noticed Ijyb
  1720 | D:1      | Learned a level 2 spell: Blink
  1735 | D:1      | HP: 1/31 [disintegration (22)]
  1737 | D:1      | Blown up by Ijyb

Skill      XL: |  1  2 |
---------------+-------+-----
Fighting       | 1 3 |  3.4
Dodging        | |  1.5
Stealth        | |  1.5
Spellcasting   | |  2.4
Conjurations   | |  1.0
Summonings     | |  1.0
Translocations | |  0.7

Action                   || total
-------------------------++-------
Melee: Unarmed           ||    12
       Club              ||    27
 Cast: Magic Dart        ||    54
       Blink             ||     2
  Eat: Chunk             ||     2
Armor: Robe              ||     4
Dodge: Dodged            ||    26
